 Dungeon Crawl Stone Soup version 0.26-a0-668-gd58323b419 (webtiles) character file.

Game seed: 8529316338712951780

271998 jasper the Executioner (level 19, -1/183 HPs)
             Began as a Minotaur Berserker on Oct 18, 2020.
             Was the Champion of Trog.
             Shot with an arrow by a deep elf archer (18 damage)
             ... on level 3 of the Elven Halls.
             The game lasted 01:36:04 (54812 turns).

jasper the Executioner (Minotaur Berserker)        Turns: 54812, Time: 01:36:04

Health: -1/183     AC: 26    Str: 25    XL:     19   Next: 46%
Magic:  9/9        EV: 22    Int:  4    God:    Trog [******]
Gold:   1592       SH:  0    Dex: 18    Spells: 18/18 levels left

rFire    + . .     SeeInvis +   f - +6 executioner's axe (antimagic)
rCold    + . .     Faith    .   (shield currently unavailable)
rNeg     . . .     Spirit   .   F - quicksilver dragon scales
rPois    +         Reflect  .   i - +2 hat {SInv}
rElec    .         Harm     .   N - +2 cloak
rCorr    +         Rampage  .   Z - +2 pair of gloves {Str+3}
MR       +++++                  e - +0 pair of boots
Stlth    +.........             t - amulet of regeneration
HPRegen  1.80/turn              G - ring "Cerism" {rF+ rC+ MR++ rCorr MP+9}
MPRegen  0.11/turn              Y - ring of poison resistance

@: berserk cooldown, regenerating, slowed, heavily drained, very slow
A: retaliatory headbutt, horns 2
}: 2/15 runes: decaying, gossamer
a: Berserk, Trog's Hand, Brothers in Arms, Renounce Religion


You were on level 3 of the Elven Halls.
You worshipped Trog.
Trog was exalted by your worship.
You visited 6 branches of the dungeon, and saw 34 of its levels.
You also visited: Bailey and Volcano.

You collected 4076 gold pieces.
You spent 2484 gold pieces at shops.

Inventory:

Hand Weapons
 f - a +6 antimagic executioner's axe (weapon)
 y - a +9 vorpal executioner's axe
Missiles
 q - 4 silver javelins
 C - a throwing net
 K - 61 boomerangs (quivered)
Armour
 b - the +0 cloak of Gozag's Whim {rPois rN+ rCorr Int-5}
   (You found it on level 2 of the Spider Nest)

   It affects your intelligence (-5).
   It protects you from poison.
   It protects you from negative energy.
   It provides partial protection from all sources of acid and corrosion.
 e - a +0 pair of boots (worn)
 i - a +2 hat of see invisible (worn)
 F - quicksilver dragon scales (worn)
 N - a +2 cloak (worn)
 O - a +4 plate armour of cold resistance
 Z - a +2 pair of gloves of strength (worn)
Jewellery
 g - the ring of Qolup {Ice rElec MR+}
   (You took it off a spriggan druid on level 3 of the Swamp)

   [ring of ice]

   It enhances your ice magic.
   It makes you vulnerable to fire.
   It protects you from cold.
   It insulates you from electricity.
   It affects your resistance to hostile enchantments.
 j - a +6 ring of intelligence
 t - an amulet of regeneration (around neck)
 v - an uncursed ring of protection from cold
 G - the ring "Cerism" (left hand) {rF+ rC+ MR++ rCorr MP+9}
   (You acquired it on level 2 of the Orcish Mines)

   [ring of resist corrosion]

   It protects you from fire.
   It protects you from cold.
   It affects your resistance to hostile enchantments.
   It affects your magic capacity (+9).
   It provides partial protection from all sources of acid and corrosion.
 Y - a ring of poison resistance (right hand)
Wands
 l - a wand of flame (92)
 s - a wand of digging (13)
 T - a wand of enslavement (24)
 U - a wand of acid (31)
 V - a wand of polymorph (77)
 W - a wand of iceblast (15)
Scrolls
 c - 8 scrolls of immolation
 k - 11 scrolls of teleportation
 n - 21 scrolls of remove curse
 o - 12 scrolls of fear
 r - 8 scrolls of identify
 w - 2 scrolls of summoning
 x - 3 scrolls of enchant armour
 D - 4 scrolls of vulnerability
 H - 2 scrolls of holy word
 I - 4 scrolls of blinking
 Q - 5 scrolls of magic mapping
 S - 6 scrolls of fog
Potions
 a - 3 potions of mutation
 d - 7 potions of stabbing
 m - 9 potions of flight
 p - 7 potions of ambrosia
 u - 28 potions of curing
 z - 8 potions of resistance
 A - a potion of cancellation
 B - 4 potions of invisibility
 E - 17 potions of heal wounds
 J - 2 potions of haste
 L - 4 potions of might
 P - 3 potions of magic
 R - 9 potions of lignification
Miscellaneous
 h - a condenser vane (2/2)
 M - a tin of tremorstones (3/3)
 X - a phial of floods


   Skills:
 + Level 19.2(17.1) Fighting
 * Level 23.9(21.6) Axes
 + Level 17.0(15.0) Armour
 + Level 15.9(13.9) Dodging
 - Level 6.0(4.4) Evocations


You had 18 spell levels left.
You didn't know any spells.
Your spell library was empty.

Dungeon Overview and Level Annotations

Branches:
Dungeon (15/15)            Temple (0/1) D:4            Lair (6/6) D:8
  Swamp (4/4) Lair:3       Spider (4/4) Lair:3        Slime (0/5) Lair:6
    Orc (2/2) D:12            Elf (3/3) Orc:2        Vaults (0/5) D:14
 Depths (0/5) D:15         Bailey (visited)         Volcano (visited)

Altars:
Ashenzari
Cheibriados
Gozag
Nemelex Xobeh
Okawaru
Ru
Sif Muna
Beogh
Jiyva

Shops:
D:9 :   D:12 (   D:14 [   Orc:1 *   Orc:2 (!}?   Elf:2 [*:

Annotations:
D:5 3 runed translucent doors, jasper's ghost, weakling DsDe
D:8 exclusion: downstairs
Lair:3 2 runed translucent doors, pigah's ghost, journeyman DrWn
Lair:4 exclusion: oklob plant
Spider:4 exclusion: 2 doors
Elf:2 5 runed translucent doors
Elf:3 1 exclusion


Innate Abilities, Weirdness & Mutations

You reflexively headbutt those who attack you in melee.
You have a pair of horns on your head.


Message History

You kill Asterion!
Trog accepts your kill.
The green death disappears in a puff of smoke!
The deep elf archer shoots an arrow.
The arrow hits you but does no damage.
The deep elf archer shoots an arrow.
The arrow hits you!
* * * LOW HITPOINT WARNING * * *
You take 10 damage, and have 21/274 hp.
Unknown command.
The deep elf archer shoots an arrow.
The arrow closely misses you.
The deep elf annihilator mumbles some strange words.
The deep elf annihilator blinks!
The deep elf archer shoots an arrow.
The arrow completely misses you.
You see here 3 arrows.
You feel a strong urge to attack something.
You see here an arrow.
You are no longer berserk.
You are exhausted.
You feel yourself slow down.
The deep elf archer shoots an arrow.
The arrow hits you!!
You die...

,##.#.####.#.#...###e#.##*.#*,,,,
,.....####.#.[###.......,,,*,,,,,
,............## **..#,,*****,,,*,
,,...#......## *#.#*,*# *,,,**
+##..#......# #.#**.#*#*,,,**
,.#..#......## ##.#*.#§..,,,,,,
,,+..#.......## ##..#eE○e..,,,,,,
,,#..#........###((()eE#☼,,,,,,,,
+##...........[.@###)###****,,,**
,...##.........###**.# *,,,*
*##,*#.........# *,.# *,,,*
***,*####.###### *,## **,<,**
,,,,* **#.***** *,*******,,,,,,
,,,** *,..,,,,* *,**,,,,,,,,,,,
,*** *.#*+**,* *,**,**,,,,,,,,
,******,*,,,*,*****,**,*,,,,,,,,,
,,,,,,,,+,,,+,,,,,,,*,,,,,,,,,,,,


You could see 2 deep elf archers and 2 fire elementals.

Vanquished Creatures
  Arachne (Spider:3)
  Asterion (Elf:3)
  3 thorn hunters
  Donald (Swamp:1)
  A tengu reaver (D:15)
  A fire giant (D:15)
  An iron dragon (D:15)
  6 ghost moths
  Aizul (Elf:2)
  3 emperor scorpions
  3 very ugly things (D:15)
  4 entropy weavers
  A deep elf demonologist (Elf:1)
  3 spark wasps
  An ettin (shapeshifter) (D:15)
  2 vault guards (D:14)
  A great orb of eyes (D:15)
  6 yaktaur captains (D:15)
  7 boulder beetles
  An ice dragon (D:15)
  28 hydras
  15 two-headed ogres
  4 shambling mangroves
  11 centaur warriors
  2 ogre magi (Orc:2)
  5 dancing weapons
  12 alligators
  A two-headed ogre (shapeshifter) (D:15)
  4 death yaks (Lair:5)
  4 tengu warriors
  A hell knight (Volcano)
  2 spriggans
  Nergalle (Orc:1)
  4 deep elf knights
  A skeletal warrior (D:15)
  10 swamp dragons
  2 deep trolls (Orc:1)
  4 spriggan druids
  5 unseen horrors
  4 deep elf archers
  4 orc knights
  3 orc sorcerers
  3 wizards
  2 wolf spider zombies (D:15)
  A lindwurm (Lair:5)
  2 necromancers (D:14)
  16 orb spiders
  6 ugly things
  21 wolf spiders
  24 deep elf magi
  5 cyclopes
  3 moths of wrath
  5 black mambas
  2 torpor snails
  5 centaur skeletons
  Maggie (Lair:2)
  16 cane toads
  A kobold demonologist (D:14)
  12 rime drakes
  A yaktaur (Volcano)
  An efreet (D:15)
  12 komodo dragons
  10 demonic crawlers
  2 tengu conjurers (D:15)
  13 trolls
  9 polar bears (Lair:6)
  36 jumping spiders
  2 wolf spider simulacra (D:15)
  10 tyrant leeches
  A raiju (Lair:6)
  33 blink frogs
  38 slime creatures
  18 hornets
  4 bog bodies
  13 dream sheep
  A tarantella (shapeshifter) (Elf:1)
  20 tarantellas
  2 shadows
  4 wyverns
  A centaur simulacrum (D:15)
  63 redbacks
  3 wraiths
  2 fire elementals (Elf:1)
  2 basilisks
  54 yaks
  20 humans (D:14)
  14 vampire mosquitoes
  8 wargs
  2 soldier ants
  3 insubstantial wisps (Swamp:1)
  17 water moccasins
  15 swamp worms
  14 hell hounds (Lair:6)
  2 acid dragons
  3 ice beasts
  23 orc warriors
  15 swamp drakes
  4 sky beasts
  15 black bears
  23 ogres
  2 phantoms
  31 wolves
  21 centaurs
  4 big kobolds
  22 bullfrogs
  An earth elemental (Elf:1)
  A wyvern zombie (D:14)
  2 gnoll sergeants
  2 scorpions
  6 killer bees (D:8)
  14 wights
  3 electric eels
  2 bullfrog zombies
  2 quasits
  4 jellies
  Crazy Yiuf (D:4)
  3 centaur zombies
  5 hounds
  22 orc wizards
  34 orc priests
  2 bullfrog skeletons (D:11)
  Terence (D:3)
  10 iguanas
  9 worker ants
  A hound zombie (D:5)
  2 worker ant zombies
  Robin (D:1)
  27 gnolls
  15 adders
  2 shadow imps
  4 white imps
  An ufetubus (D:6)
  An ooze (D:3)
  3 adder zombies
  An adder skeleton (D:4)
  4 worms
  A dart slug (D:5)
  5 leopard geckos
  83 orcs
  A ball python (D:1)
  6 bats
  4 giant cockroaches
  25 goblins
  22 hobgoblins
  6 jackals
  33 kobolds
  5 quokkas
  A ball python skeleton (D:4)
  6 frilled lizards
  2 giant cockroach zombies (D:4)
  A jackal zombie (D:4)
  2 leopard gecko skeletons (D:6)
  A leopard gecko zombie (D:4)
  A quokka skeleton (D:4)
  4 rats
  4 briar patches (Swamp:4)
1312 creatures vanquished.

Vanquished Creatures (collateral kills)
  Gastronok (Lair:2)
  2 hydras
  A centaur warrior (D:15)
  A meliai (D:15)
  2 yaks (Lair:2)
  A centaur simulacrum (D:15)
8 creatures vanquished.

Vanquished Creatures (others)
  A tarantella (Spider:4)
  A swamp drake (Swamp:3)
  A black bear (D:9)
  A centaur (D:14)
  91 fungi
  113 plants
208 creatures vanquished.

Grand Total: 1528 creatures vanquished

Notes
Turn   | Place    | Note
-------+----------+-------------------------------------------
     0 | D:1      | jasper the Minotaur Berserker began the quest for the Orb.
     0 | D:1      | Reached XP level 1. HP: 19/19 MP: 0/0
   228 | D:1      | Reached XP level 2. HP: 16/27 MP: 1/1
   373 | D:1      | Reached skill level 4 in Axes
  1119 | D:1      | Reached ** piety under Trog
  1119 | D:1      | Reached XP level 3. HP: 28/33 MP: 2/2
  1285 | D:2      | Noticed Robin
  1672 | D:1      | Killed Robin
  2464 | D:1      | Reached XP level 4. HP: 36/40 MP: 3/3
  3364 | D:3      | Noticed Terence
  3473 | D:3      | Killed Terence
  3473 | D:3      | Reached skill level 5 in Axes
  3963 | D:3      | Reached XP level 5. HP: 47/47 MP: 4/4
  4020 | D:3      | Found a sacrificial altar of Ru.
  4307 | D:3      | You fall into a shaft and drop 3 floors!
  4413 | D:5      | Entered Level 5 of the Dungeon
  4598 | D:4      | Reached XP level 6. HP: 55/55 MP: 5/5
  4672 | D:4      | Reached *** piety under Trog
  5296 | D:4      | Reached skill level 5 in Fighting
  5296 | D:4      | Reached skill level 6 in Axes
  5441 | D:4      | Found a sparkling altar of Nemelex Xobeh.
  5787 | D:4      | Found a runed translucent door.
  5788 | D:4      | Noticed Crazy Yiuf
  5865 | D:4      | Found a staircase to the Ecumenical Temple.
  6094 | D:4      | Killed Crazy Yiuf
  6425 | D:5      | Reached XP level 7. HP: 61/61 MP: 6/6
  6752 | D:4      | Reached skill level 7 in Axes
  6795 | D:5      | Found a runed translucent gate.
  7313 | D:5      | Noticed jasper's ghost (weakling DsDe)
  7317 | D:5      | Found a runed translucent gate.
  7317 | D:5      | Found a runed translucent gate.
  7517 | D:5      | Found a shimmering blue altar of Sif Muna.
  7541 | D:5      | Reached skill level 5 in Armour
  8349 | D:6      | Reached skill level 5 in Dodging
  8349 | D:6      | Reached XP level 8. HP: 57/70 MP: 7/7
  8738 | D:6      | Reached skill level 8 in Axes
  9094 | D:6      | Reached **** piety under Trog
  9895 | D:7      | Reached skill level 9 in Axes
 10775 | D:7      | Identified the +4 war axe "Unnekhog" {protect, rC+ rN++
                  | Dex-3}
 10911 | D:6      | Reached XP level 9. HP: 79/79 MP: 8/8
 11234 | D:7      | You fall into a shaft and drop 3 floors!
 11234 | D:10     | Entered Level 10 of the Dungeon
 11247 | D:10     | Reached skill level 10 in Axes
 11486 | D:10     | Found a flagged portal.
 11488 | D:10     | Reached skill level 11 in Axes
 11497 | Bailey   | Entered a bailey
 11700 | Bailey   | Reached ***** piety under Trog
 12030 | D:9      | Noticed a two-headed ogre
 12040 | D:8      | Got an iridescent hand axe
 12041 | D:8      | Identified the +8 hand axe "Qamnid" {venom, +Blink MR++
                  | Str+3 Dex+4} (You found it on level 8 of the Dungeon)
 12313 | D:8      | Reached XP level 10. HP: 90/90 MP: 9/9
 12373 | D:8      | Noticed a two-headed ogre
 12391 | D:8      | Killed a two-headed ogre
 12704 | D:8      | Reached skill level 12 in Axes
 12852 | D:8      | Found a staircase to the Lair.
 13192 | D:7      | Found an iron altar of Okawaru.
 14133 | D:9      | Killed a two-headed ogre
 14908 | D:9      | Reached XP level 11. HP: 78/99 MP: 10/10
 14948 | D:9      | Found Zabua's Book Shop.
 14961 | D:9      | Reached skill level 13 in Axes
 15174 | D:9      | Found an opulent altar of Gozag.
 15194 | D:9      | Reached skill level 10 in Fighting
 17131 | D:11     | Got a polished plate armour
 17150 | D:11     | Identified the cursed +0 plate armour of Wyotuu Gaty {+Inv
                  | rPois rF+ Str-4} (You found it on level 11 of the Dungeon)
 17476 | D:11     | Noticed a boulder beetle
 17782 | D:11     | Received a gift from Trog
 17910 | Lair:1   | Entered Level 1 of the Lair of Beasts
 18413 | Lair:1   | Reached skill level 10 in Armour
 19410 | Lair:1   | Reached skill level 14 in Axes
 20305 | Lair:2   | Noticed Gastronok
 20330 | Lair:2   | Killed Gastronok
 20373 | Lair:2   | Noticed an eight-headed hydra
 20381 | Lair:2   | Reached XP level 12. HP: 50/110 MP: 11/11
 20381 | Lair:2   | Killed a nine-headed hydra
 20381 | Lair:2   | Reached skill level 10 in Dodging
 20721 | Lair:2   | Noticed Maggie
 20734 | Lair:2   | Killed Maggie
 21194 | Lair:3   | Found a dark tunnel.
 21202 | Volcano  | Entered a volcano
 21378 | Volcano  | Noticed a centaur warrior
 21387 | Volcano  | Killed a centaur warrior
 21387 | Volcano  | Reached skill level 15 in Axes
 21511 | Lair:3   | Noticed a four-headed hydra
 21519 | Lair:3   | Killed a six-headed hydra
 21890 | Lair:3   | Noticed a seven-headed hydra
 21919 | Lair:3   | Killed a 14-headed hydra
 22492 | Lair:3   | Found a large runed translucent door.
 22721 | Lair:3   | Found a staircase to the Swamp.
 23001 | Lair:3   | Found a hole to the Spider Nest.
 23103 | Lair:3   | Found a large runed translucent door.
 23106 | Lair:3   | Noticed pigah's ghost (journeyman DrWn)
 23196 | Lair:4   | Reached skill level 16 in Axes
 23595 | Lair:4   | Reached XP level 13. HP: 115/118 MP: 12/12
 24462 | Lair:4   | Received a gift from Trog
 25034 | Lair:6   | Entered Level 6 of the Lair of Beasts
 25211 | Lair:5   | Reached skill level 17 in Axes
 26308 | Lair:6   | Reached XP level 14. HP: 95/129 MP: 13/13
 26925 | Lair:6   | Found a staircase to the Slime Pits.
 26925 | Lair:6   | Found a viscous altar of Jiyva.
 27172 | Lair:6   | Received a gift from Trog
 27333 | Lair:6   | Reached skill level 18 in Axes
 29082 | D:12     | Received a gift from Trog
 29335 | D:12     | Reached skill level 19 in Axes
 29335 | D:12     | Reached XP level 15. HP: 137/137 MP: 14/14
 29554 | D:12     | Found a staircase to the Orcish Mines.
 29554 | D:12     | Found Qiununtu's Weapon Emporium.
 30605 | Orc:1    | Entered Level 1 of the Orcish Mines
 30605 | Orc:1    | Found Ecajih's General Store.
 30608 | Orc:1    | Noticed Nergalle
 30644 | Orc:1    | Killed Nergalle
 30657 | Orc:1    | Bought a scroll of teleportation for 30 gold pieces
 30891 | Orc:1    | Reached skill level 20 in Axes
 30980 | Orc:1    | Found a roughly hewn altar of Beogh.
 30989 | Orc:1    | Received a gift from Trog
 31387 | Orc:2    | Entered Level 2 of the Orcish Mines
 31813 | Orc:2    | Found Cigh's Magic Scroll Shoppe.
 32248 | Orc:2    | Reached ****** piety under Trog
 32402 | Orc:2    | Found Suzynyd's Gadget Emporium.
 32405 | Orc:2    | Found Jaunadyukk's Distillery.
 32451 | Orc:2    | Found Zinok's Weapon Shoppe.
 32525 | Orc:2    | Received a gift from Trog
 32541 | Orc:2    | Reached XP level 16. HP: 119/147 MP: 5/15
 32612 | Orc:2    | Found a staircase to the Elven Halls.
 33148 | Orc:2    | Bought a scroll of summoning for 123 gold pieces
 33148 | Orc:2    | Bought a scroll of fear for 45 gold pieces
 33148 | Orc:2    | Bought a scroll of acquirement for 676 gold pieces
 33148 | Orc:2    | Bought a scroll of holy word for 97 gold pieces
 33148 | Orc:2    | Bought a scroll of blinking for 97 gold pieces
 33148 | Orc:2    | Bought a scroll of immolation for 45 gold pieces
 33148 | Orc:2    | Bought a scroll of vulnerability for 97 gold pieces
 33148 | Orc:2    | Bought a scroll of teleportation for 39 gold pieces
 33148 | Orc:2    | Bought a scroll of fog for 26 gold pieces
 33148 | Orc:2    | Bought a scroll of fear for 45 gold pieces
 33148 | Orc:2    | Acquired the ring "Cerism" {rF+ rC+ MR++ rCorr MP+9}
 33182 | Orc:2    | Bought 2 potions of heal wounds for 150 gold pieces
 33182 | Orc:2    | Bought a potion of heal wounds for 75 gold pieces
 33182 | Orc:2    | Bought a potion of might for 60 gold pieces
 33182 | Orc:2    | Bought a potion of haste for 150 gold pieces
 33182 | Orc:2    | Bought a potion of heal wounds for 75 gold pieces
 33188 | Orc:2    | Bought a tin of tremorstones (3/3) for 600 gold pieces
 35805 | D:14     | Reached skill level 15 in Fighting
 36488 | D:14     | Found Ilius's Antique Armour Emporium.
 36991 | D:14     | Reached skill level 21 in Axes
 37171 | D:14     | Found a gate to the Vaults.
 37265 | D:15     | Entered Level 15 of the Dungeon
 37422 | D:15     | Received a gift from Trog
 37497 | D:15     | Found a snail-covered altar of Cheibriados.
 37498 | D:15     | Found a broken altar of Ashenzari.
 37498 | D:15     | Found an opulent altar of Gozag.
 37818 | D:15     | Found a staircase to the Depths.
 38476 | D:15     | Reached XP level 17. HP: 119/159 MP: 8/16
 38677 | D:15     | Reached skill level 15 in Armour
 39069 | D:15     | Received a gift from Trog
 39774 | Swamp:1  | Entered Level 1 of the Swamp
 40490 | Swamp:1  | Noticed Donald
 40513 | Swamp:1  | Killed Donald
 40513 | Swamp:1  | Reached skill level 22 in Axes
 42230 | Swamp:2  | Received a gift from Trog
 43700 | Swamp:3  | Identified the ring of Qolup {Ice rElec MR+}
 44172 | Swamp:4  | Entered Level 4 of the Swamp
 44172 | Swamp:4  | Found the +7 Singing Sword {vorpal, sonic wave}
 44483 | Swamp:4  | Reached XP level 18. HP: 172/172 MP: 17/17
 45160 | Swamp:4  | Received a gift from Trog
 45372 | Swamp:4  | Got a decaying rune of Zot
 45870 | Spider:1 | Entered Level 1 of the Spider Nest
 46088 | Spider:1 | Reached skill level 15 in Dodging
 46457 | Spider:1 | Reached skill level 1 in Evocations
 47863 | Spider:1 | Reached skill level 5 in Evocations
 47910 | Spider:2 | Found a transporter.
 47928 | Spider:2 | Received a gift from Trog
 48118 | Spider:2 | Found a transporter.
 48529 | Spider:2 | Reached skill level 23 in Axes
 48634 | Spider:2 | Got a heavily runed cloak
 48640 | Spider:2 | Identified the +0 cloak of Gozag's Whim {rPois rN+ rCorr
                  | Int-5} (You found it on level 2 of the Spider Nest)
 48640 | Spider:2 | Lost intelligence.
 50356 | Spider:4 | Entered Level 4 of the Spider Nest
 50365 | Spider:4 | Noticed Arachne
 50562 | Spider:3 | Killed Arachne
 51513 | Spider:4 | Received a gift from Trog
 51898 | Spider:4 | Reached XP level 19. HP: 181/181 MP: 18/18
 52611 | Spider:4 | Got a gossamer rune of Zot
 52923 | Elf:1    | Entered Level 1 of the Elven Halls
 53166 | Elf:1    | Received a gift from Trog
 53310 | Elf:1    | Identified the Tome of Sand
 53327 | Elf:1    | You fall into a shaft and drop 1 floor!
 53437 | Elf:2    | Found Tunnuy Laeq's Book Boutique.
 53444 | Elf:2    | Found Bacsiet's General Store.
 53446 | Elf:2    | Found Kanumuteh's Armour Boutique.
 53452 | Elf:2    | Bought a scroll of teleportation for 54 gold pieces
 53977 | Elf:2    | Noticed Aizul
 53999 | Elf:2    | Killed Aizul
 54571 | Elf:2    | Found a huge runed translucent gate.
 54571 | Elf:2    | Found a huge runed translucent gate.
 54584 | Elf:2    | Found a huge runed translucent gate.
 54710 | Elf:2    | Found a huge runed translucent gate.
 54710 | Elf:2    | Found a huge runed translucent gate.
 54741 | Elf:3    | Entered Level 3 of the Elven Halls
 54796 | Elf:3    | Noticed Asterion
 54809 | Elf:3    | Killed Asterion
 54812 | Elf:3    | Shot with an arrow by a deep elf archer

Illustrated notes

Levels and vault maps discovered:
D:1:      elethiomel_arrival_quiet, layout_basic, st_stairs_7,
          roderic_serpentine_path, minmay_tromino_v2
D:2:      layout_basic, uniq_robin
D:3:      layout_loops_ring, serial_bayou_ford_a, grunt_ministairs_1,
          nicolae_ru_path_of_blood, uniq_terence
D:4:      layout_loops_cross, temple_green, serial_undead, serial_undead_f,
          serial_undead_d, serial_undead_b, serial_undead_a,
          nemelex_diamond_rough_becter, uniq_crazy_yiuf_cottage
D:5:      layout_loops_corners, lemuel_doored_altar, gammafunk_ghost_split
D:6:      layout_cave_pods, serial_park, serial_park_square3
          [serial_park_minivault_5x5_1], serial_park_square2,
          serial_park_square1 [serial_park_minivault_5x5_6],
          serial_park_tiny_pond, serial_park_gazebo
          [serial_park_minivault_5x5_2], serial_park_tiny_1,
          serial_park_tiny_pond
D:7:      layout_loops_ring, okawaru_metal_pillars_1_2
D:8:      layout_basic, due_lair_maze_entry_diamond, minmay_orc_keep
D:9:      layout_small_grid, serial_shops, shop, basic_altar,
          hangedman_decor_lopped, lemuel_flamethrower_2
D:10:     layout_cave_pools, enter_bailey_3
D:11:     layout_cave_pods, evilmike_butchery
D:12:     layout_stronghold, orc_david_3
D:13:     layout_cave_pods
D:14:     layout_loops_ring, grunt_vaults_entry_tiered, serial_shops,
          nicolae_shop_temple_entry_statues_fountains
D:15:     hangedman_slaughterboxes, serial_shops
Lair:1:   layout_gridlike, infiniplex_staircase_pool, serial_bayou_shore_b,
          lemuel_fruit_tree
Lair:2:   layout_layer_cave, uniq_maggie, uniq_gastronok
Lair:3:   layout_cave_pods, minmay_swamp_entry_reptiles,
          spider_nest_entry_funnel_web, ebering_ghost_disaster_area,
          nicolae_volcano_entry_hallway, nicolae_quartered_pool_super,
          grunt_megastairs_5
Lair:4:   layout_cave_pods
Lair:5:   layout_misc_corridors
Lair:6:   hangedman_lair_caniforms_friends, layout_loops_ring, wormcave,
          slime_altar_1, minmay_lair_drake_nest, infiniplex_staircase_pool_2,
          lemuel_fruit_fields
Swamp:1:  layout_basic_swamp, evilmike_swamp_ruin_house_3, swamp_pool2,
          uniq_donald
Swamp:2:  layout_basic_swamp, evilmike_swamp_ruin_house_6
Swamp:3:  layout_basic_swamp, hangedman_swamp_diagram, swamp_pool2
Swamp:4:  swamp, layout_basic_swamp, swamp_pool2
Spider:1: layout_chambers
Spider:2: gammafunk_the_bubble [the_bubble_gammafunk_grid]
Spider:3: layout_chambers, drop_trap
Spider:4: spider_rune_water, uniq_arachne
Orc:1:    nicolae_orc_accident_2, layout_caves, serial_shops, shop,
          uniq_nergalle
Orc:2:    st_orc_open, layout_caves
Elf:1:    minmay_elf_arrival_circle, layout_geoelf_diagonals, evilmike_minifort,
          grunt_ministairs_9, drop_trap, minivault_27, minmay_misc_feat_rows,
          bh_hangedman_babel_library
Elf:2:    layout_onion_city, serial_glass, glass_columns_a, glass_columns_a,
          grunt_ministairs_1, minmay_shop_star, uniq_azrael, uniq_aizul
Elf:3:    elf_hall_gauntlet_wide, layout_loops_cross, uniq_asterion

Skill      XL: |  1  2  3  4  5  6  7  8  9 10 11 12 13 14 15 16 17 18 19 |
---------------+----------------------------------------------------------+-----
Axes           | 4 5 6 7 9 11 12 14 16 17 19 20 21 22 23 | 23.9
Fighting       | 4 5 6 7 8 9 11 12 13 14 16 18 19 | 19.2
Armour         | 3 4 5 6 8 9 10 12 13 14 15 16 17 | 17.0
Dodging        | 3 4 5 6 7 8 9 11 12 13 14 15 | 15.9
Evocations     | 6 |  6.0

Action                   |  1- 3 |  4- 6 |  7- 9 | 10-12 | 13-15 | 16-18 | 19-21 || total
-------------------------+-------+-------+-------+-------+-------+-------+-------++-------
Melee: Hand axe          |    62 |   144 |    98 |       |       |       |       ||   304
       Headbutt          |     8 |    31 |    55 |    97 |   165 |   391 |    56 ||   803
       Battleaxe         |       |       |   167 |   442 |   594 |   170 |       ||  1373
       Executioner's axe |       |       |       |       |   152 |  1235 |   196 ||  1583
Throw: Stone             |    49 |    26 |    29 |       |       |       |       ||   104
       Boomerang         |       |    81 |    76 |   153 |   163 |   270 |       ||   743
Invok: Berserk           |     5 |     6 |    11 |    13 |    16 |    16 |     2 ||    69
       Trog's Hand       |       |       |       |     3 |     1 |     6 |     1 ||    11
       Brothers in Arms  |       |       |       |     3 |       |     1 |       ||     4
Evoke: Wand              |       |       |     2 |    13 |     1 |     6 |       ||    22
       Condenser vane    |       |       |       |       |       |     2 |       ||     2
       Tin of tremorston |       |       |       |       |       |     3 |       ||     3
  Use: Scroll            |       |     8 |     5 |     7 |     7 |    12 |     5 ||    44
       Potion            |       |       |     1 |       |     1 |       |       ||     2
 Stab: Confused          |       |       |       |       |       |     2 |       ||     2
Armor: Animal skin       |     3 |       |       |       |       |       |       ||     3
       Ring mail         |    25 |    39 |       |       |       |       |       ||    64
       Chain mail        |       |     6 |   150 |       |       |       |       ||   156
       Plate armour      |       |       |    14 |   290 |   576 |   954 |    60 ||  1894
       Quicksilver drago |       |       |       |       |       |       |    38 ||    38
Dodge: Dodged            |    53 |    81 |   173 |   247 |   593 |  1174 |   173 ||  2494

Table legend: (Time is in decaauts)
 A = Elapsed time spent in this place.
 B = Non-inter-level travel time spent in this place.
 C = Inter-level travel time spent in this place.
 D = Time resting spent in this place.
 E = Time spent auto-exploring this place.
 F = Levels seen in this place.
 G = Mean time per level.
                   A        B        C        D        E       F      G
               +--------+--------+--------+--------+--------+-----+--------+
         Total |  55911 |  52596 |   3315 |  21531 |  22270 |  36 | 1553.1 |
       Dungeon |  27344 |  25695 |   1649 |  12168 |   9321 |  15 | 1822.9 |
          Lair |  10191 |   9529 |    662 |   3760 |   4128 |   6 | 1698.5 |
         Swamp |   6217 |   5881 |    336 |   2631 |   2301 |   4 | 1554.2 |
   Spider Nest |   6890 |   6425 |    465 |   2015 |   3484 |   4 | 1722.5 |
  Orcish Mines |   2662 |   2508 |    154 |    878 |   1080 |   2 | 1331.0 |
   Elven Halls |   1863 |   1816 |     47 |      0 |   1556 |   3 |  621.0 |
        Bailey |    486 |    486 |      0 |     78 |    206 |   1 |  486.0 |
       Volcano |    256 |    256 |      0 |      0 |    192 |   1 |  256.0 |
               +--------+--------+--------+--------+--------+-----+--------+

Top non-repeatable levels by time:
    D:12: 2462 daAuts
    D:13: 2455 daAuts
    D:15: 2298 daAuts
     D:5: 2103 daAuts
     D:6: 2067 daAuts
  Lair:2: 2014 daAuts
Spider:3: 2005 daAuts
    D:11: 1992 daAuts
  Lair:6: 1966 daAuts
  Lair:3: 1939 daAuts
Spider:4: 1937 daAuts
 Swamp:2: 1888 daAuts
Spider:1: 1881 daAuts
     D:1: 1876 daAuts
     D:2: 1855 daAuts
